 Dungeon Crawl Stone Soup version 0.24.0-123-gd5b16e6ec5 (webtiles) character file.

Game seed: 9986057604812058638, levelgen mode: deterministic

36 Curus the Twirler (level 3, -1/27 HPs)
             Began as a Demonspawn Gladiator on Jan 17, 2020.
             Slain by an adder (2 damage)
             ... on level 1 of the Dungeon.
             The game lasted 00:03:44 (1407 turns).

Curus the Twirler (Demonspawn Gladiator)            Turns: 1407, Time: 00:03:46

Health: -1/27      AC:  3    Str: 14    XL:     3   Next: 19%
Magic:  3/3        EV: 12    Int:  9    God:
Gold:   140        SH:  0    Dex: 15    Spells: 2/2 levels left

rFire    . . .     SeeInvis .   a - +1 quarterstaff
rCold    . . .     Gourm    .   (shield currently unavailable)
rNeg     . . .     Faith    .   b - +0 leather armour
rPois    .         Spirit   .   (helmet restricted)
rElec    .         Reflect  .   (no cloak)
rCorr    .         Harm     .   (no gloves)
MR       .....                  (no boots)
Stlth    +.........             (no amulet)
HPRegen  0.09/turn              (no ring)
MPRegen  0.08/turn              (no ring)

@: slowed, very slow
A: antennae 1, powered by death 1
a: no special abilities


You were on level 1 of the Dungeon.
You were hungry.

You visited 1 branch of the dungeon, and saw 2 of its levels.

You collected 140 gold pieces.

Inventory:

Hand Weapons
 a - a +1 quarterstaff (weapon)
Missiles
 d - 3 throwing nets (quivered)
Armour
 b - a +0 leather armour (worn)
 c - a +0 helmet
Scrolls
 e - 2 scrolls of teleportation
 g - 2 scrolls of identify
 h - a scroll of fear
Comestibles
 f - 3 rations


   Skills:
 - Level 2.0 Fighting
 + Level 4.0 Staves
 - Level 1.7 Throwing
 - Level 2.6 Dodging


You had 2 spell levels left.
You didn't know any spells.
Your spell library was empty.

Dungeon Overview and Level Annotations

Branches:
Dungeon (2/15)

Altars:

Annotations:
D:2 Natasha


Innate Abilities, Weirdness & Mutations

You have a pair of small antennae on your head.
You regenerate a little health from kills.


Message History

* * * LOW HITPOINT WARNING * * *
You feel sick.
There is a stone staircase leading down here.
You miss the adder.
The adder is heavily wounded.
The jackal barely misses you. The adder closely misses you.
The jackal barely misses you. The adder barely misses you.
The jackal barely misses you.
You closely miss the adder.
The adder is heavily wounded.
The adder closely misses you. The jackal barely misses you.
The adder bites you but does no damage.
The jackal bites you but does no damage.
You miss the adder.
The adder is heavily wounded.
* * * LOW HITPOINT WARNING * * *
You feel sick.
You are no longer poisoned.
The jackal barely misses you. The adder bites you.
You die...

#.....# #.#.#..#.#####.#####
#.....# #.#.#..#.......†....
#.....# #.#.#.#######.######
#.....# #.#.#.#######.......
####.....#####.#.#...............
...............#.################
####.....#######.#...............
####### #h#...........####
#@#...........# #S#...........#
##.#...........# #..............#
####...........# #...........#
#.#.####.####### #.#.###.........
#........#######


You could see an adder and a jackal.

Vanquished Creatures
  2 dart slugs (D:1)
  5 bats
  2 giant cockroaches (D:2)
  3 goblins
  5 hobgoblins (D:2)
  7 jackals
  2 kobolds (D:1)
26 creatures vanquished.

Notes
Turn   | Place    | Note
-------+----------+-------------------------------------------
     0 | D:1      | Curus the Demonspawn Gladiator began the quest for the Orb.
     0 | D:1      | Reached XP level 1. HP: 16/16 MP: 1/1
   368 | D:1      | Reached skill level 3 in Staves
   389 | D:1      | Gained mutation: You have a pair of small antennae on your
                  | head. [demonic ancestry]
   389 | D:1      | Reached XP level 2. HP: 18/22 MP: 2/2
  1132 | D:1      | Gained mutation: You regenerate a little health from kills.
                  | [demonic ancestry]
  1132 | D:1      | Reached XP level 3. HP: 12/27 MP: 3/3
  1384 | D:2      | Noticed Natasha
  1398 | D:2      | Reached skill level 4 in Staves
  1407 | D:1      | HP: 1/27 [poisoned by an adder]
  1407 | D:1      | Slain by an adder

Levels and vault maps discovered:
D:1:      minmay_arrival_stone_box, layout_basic
D:2:      layout_rooms, lemuel_crystal_altar, fedhas_altar_1,
          minmay_misc_feat_chi, uniq_natasha

Skill      XL: |  1  2  3 |
---------------+----------+-----
Staves         | 3 4 |  4.0
Fighting       | |  2.0
Throwing       | |  1.7
Dodging        | |  2.6

Action                   || total
-------------------------++-------
Melee: Quarterstaff      ||    92
  Use: Scroll            ||     6
       Potion            ||     4
 Stab: Sleeping          ||     4
  Eat: Chunk             ||     1
Armor: Leather armour    ||    29
Dodge: Dodged            ||    97
